AoeStats
← 76561199122638748

Arena

510525885Analyzed
4v4 RM · 1d ago on Oct 1, 2026· 46m 27s· 8 players
Game mode
Random Map
Map size
Large (8 player)
Population
200
Speed
Normal
Resources
Standard
Victory
Conquest
Starting age
Dark Age
Ending age
Imperial Age
RankedLock teamsTeams togetherTeam positionsShared explorationLock speedFull tech treeHidden civsTurbo modeCheats
Victory
Defeat
🇨🇳 Persians · China
1176
+14
🇨🇳 Bohemians · China
1156
+15
🇨🇳 Persians · China
1141
+16
1079
+17
1146
-16
1142
-16
🇭🇰 Burgundians · Hong Kong SAR China
1136
-16
🇨🇳 Franks · China
1096
-14
Kingssiu
1:16 Wheelbarrow
0:33 Loom
11:50 Feudal Age
15:46 Castle Age
13:47 Horse Collar
16:08 Heavy Plow
16:09 Double-Bit Axe
22:09 Light Cavalry
26:22 Bow Saw
30:46 Imperial Age
28:29 Scale Barding Armor
28:34 Forging
29:36 Chain Barding Armor
28:39 Cavalier
29:19 Husbandry
30:35 Iron Casting
30:53 Gold Mining
32:05 Plate Barding Armor
32:31 Blast Furnace
30:52 Paladin
32:18 Wheelbarrow
32:49 Town Watch
33:27 Padded Archer Armor
35:23 Chemistry
37:50 Squires
37:36 Arson
38:26 Scale Mail Armor
38:41 Leather Archer Armor
39:38 Murder Holes
39:08 Pikeman
40:16 Conscription
40:30 Chain Mail Armor
41:10 Elite Skirmisher
76561199122638748
11:57 Feudal Age
16:50 Castle Age
16:35 Double-Bit Axe
19:19 Gold Mining
20:51 Bow Saw
21:01 Forging
21:59 Scale Barding Armor
27:32 Loom
29:21 Wheelbarrow
31:56 Imperial Age
29:32 Town Watch
30:11 Pikeman
30:52 Squires
32:56 Iron Casting
32:42 Chain Barding Armor
32:45 Hand Cart
33:18 Gold Shaft Mining
32:36 Stone Mining
33:08 Town Patrol
33:49 Halberdier
34:31 Scale Mail Armor
36:08 Blast Furnace
35:13 Husbandry
38:03 Conscription
37:27 Cavalier
38:58 Chain Mail Armor
39:19 Plate Barding Armor
41:04 Plate Mail Armor
42:12 Fortified Wall
42:08 Siege Engineers
42:13 Masonry
42:13 Paladin
43:32 Fletching
43:42 Padded Archer Armor
45:01 Hoardings
遇事不决选天朝
11:00 Feudal Age
10:16 Loom
15:03 Castle Age
13:20 Double-Bit Axe
13:53 Horse Collar
22:52 Wheelbarrow
24:44 Hand Cart
24:22 Gold Mining
24:22 Stone Mining
29:11 Stone Shaft Mining
31:33 Imperial Age
29:50 Treadmill Crane
30:21 Fortified Wall
30:32 Ballistics
30:23 Masonry
33:31 Chemistry
32:40 Siege Engineers
41:23 Fletching
41:34 Padded Archer Armor
42:17 Block Printing
42:24 Sanctity
42:40 Theocracy
42:03 Herbal Medicine
42:19 Fervor
适合结婚的好妹妹
11:22 Feudal Age
15:11 Castle Age
13:43 Double-Bit Axe
13:41 Horse Collar
17:54 Wheelbarrow
24:04 Gold Mining
28:17 Imperial Age
26:35 Scale Mail Armor
26:45 Forging
26:57 Heavy Plow
27:10 Arson
27:25 Squires
27:11 Gambesons
27:44 Chain Mail Armor
28:01 Hand Cart
28:44 Bow Saw
29:19 Iron Casting
28:35 Elite Varangian Guard
31:50 Plate Mail Armor
32:21 Blast Furnace
30:49 Pikeman
32:18 Crop Rotation
31:39 Gothikon
32:40 Conscription
34:58 Fletching
35:09 Padded Archer Armor
35:03 Halberdier
35:04 Man-at-Arms
36:07 Heavy Mounted Crossbowman
36:08 Cranequins
38:26 Two-Man Saw
38:07 Bodkin Arrow
38:27 Leather Archer Armor
40:02 Bracer
40:32 Ring Archer Armor
吸尽瓶~~
10:45 Feudal Age
11:16 Double-Bit Axe
15:30 Castle Age
14:41 Horse Collar
16:47 Loom
22:09 Gold Mining
25:28 Bloodlines
25:19 Husbandry
26:45 Forging
26:41 Scale Barding Armor
29:44 Wheelbarrow
31:13 Hand Cart
32:12 Iron Casting
31:58 Chain Barding Armor
34:11 Imperial Age
31:56 Heavy Plow
32:33 Gold Shaft Mining
31:51 Stone Mining
33:55 Cavalier
36:02 Savar
37:56 Stone Shaft Mining
40:38 Conscription
39:42 Light Cavalry
42:47 Blast Furnace
41:21 Hussar
杨枝甘露
11:21 Feudal Age
14:50 Castle Age
13:21 Double-Bit Axe
15:24 Wheelbarrow
14:55 Horse Collar
19:53 Bow Saw
20:47 Loom
21:45 Heavy Plow
23:11 Hand Cart
24:23 Gold Mining
26:30 Gold Shaft Mining
26:26 Stone Mining
30:10 Imperial Age
27:57 Bloodlines
27:48 Husbandry
28:00 Forging
27:56 Scale Barding Armor
28:34 Stone Shaft Mining
29:21 Iron Casting
29:07 Chain Barding Armor
29:50 Elite War Elephant
31:56 Blast Furnace
32:04 Chemistry
31:40 Conscription
33:40 Two-Man Saw
33:12 Crop Rotation
33:19 Plate Barding Armor
33:09 Ballistics
33:48 Fletching
37:07 Citadels
37:32 Hoardings
炮炮崽
10:06 Feudal Age
10:38 Double-Bit Axe
15:56 Castle Age
13:45 Horse Collar
15:24 Loom
16:16 Wheelbarrow
17:05 Fletching
20:25 Fervor
22:15 Heavy Plow
26:36 Imperial Age
26:05 Chemistry
25:30 Ballistics
25:17 Town Watch
26:08 Pikeman
27:49 Conscription
29:07 Squires
29:23 Bow Saw
35:15 Two-Man Saw
34:51 Redemption
34:42 Atonement
35:09 Wagenburg Tactics
35:31 Padded Archer Armor
37:17 Town Patrol
37:32 Hand Cart
37:20 Heavy Plow
41:11 Leather Archer Armor
41:20 Elite Skirmisher
42:12 Halberdier
44:18 Sanctity
45:40 Careening
45:36 Siege Engineers
46:08 Guard Tower
46:03 Arrowslits
46:09 Houfnice
我的要强在作怪
10:03 Feudal Age
13:55 Castle Age
12:22 Horse Collar
12:28 Double-Bit Axe
14:42 Heavy Plow
16:57 Bow Saw
22:24 Wheelbarrow
22:41 Gold Mining
24:37 Squires
28:57 Imperial Age
26:16 Town Watch
26:17 Loom
26:49 Hand Cart
27:28 Stone Mining
27:24 Treadmill Crane
28:02 Forging
27:52 Scale Mail Armor
28:17 Squires
28:04 Arson
28:35 Town Patrol
28:59 Elite Fire Lancer
30:49 Iron Casting
30:29 Chain Mail Armor
30:54 Chain Mail Armor
34:41 Conscription
34:35 Thunderclap Bombs
37:15 Pikeman
41:00 Blast Furnace
39:52 Halberdier
41:30 Elite Iron Pagoda
Connection lost

Rejoining the realm…

Still unreachable

The connection could not be restored.

Session expired

The server has moved on; the page needs a fresh start.